 Dungeon Crawl Stone Soup version 0.28-a0-1234-g826d19b2e0 (webtiles) character file.

Game seed: 15695207074901292352

128 Defined the Chopper (level 5, -3/47 HPs)
             Began as a Hill Orc Monk on Dec 23, 2021.
             Slain by a gnoll (10 damage)
             ... on level 2 of the Dungeon.
             The game lasted 00:05:01 (2863 turns).

Defined the Chopper (Hill Orc Monk)                 Turns: 2863, Time: 00:05:01

Health: -3/47      AC:  9    Str: 16    XL:     5   Next: 11%
Magic:  5/5        EV:  7    Int: 10    God:
Gold:   73         SH:  0    Dex: 13    Spells: 4/4 levels left

rFire   . . .      SeeInvis .   a - +0 hand axe
rCold   . . .      Faith    .   (no shield)
rNeg    . . .      Spirit   .   d - +0 chain mail
rPois   .          Reflect  .   (no helmet)
rElec   .          Harm     .   (no cloak)
rCorr   .          Rampage  .   (no gloves)
Will    .....                   h - +0 pair of boots
Stlth   ..........              (no amulet)
HPRegen 0.15/turn               (no ring)
MPRegen 0.09/turn               (no ring)

@: no status effects
A: no striking features
a: no special abilities


You were on level 2 of the Dungeon.
You visited 1 branch of the dungeon, and saw 3 of its levels.

You collected 73 gold pieces.

Inventory:

Hand Weapons
 a - a +0 hand axe (weapon)
 l - a +2 whip of holy wrath
Missiles
 c - 32 poisoned darts (quivered)
Armour
 b - a +0 robe
 d - a +0 chain mail (worn)
 h - a +0 pair of boots (worn)
Scrolls
 e - a scroll of identify {unknown}
 i - a scroll of magic mapping {unknown}
 j - a scroll of fog {unknown}
Potions
 f - 2 potions of heal wounds {unknown}
 g - a potion of lignification {unknown}
 k - a potion of berserk rage {unknown}
 m - a potion of magic {unknown}


   Skills:
 + Level 4.6 Fighting
 + Level 5.4 Axes
 + Level 0.5 Throwing
 + Level 2.1 Armour
 + Level 2.8 Dodging
 - Level 1.5 Stealth


You had 4 spell levels left.
You didn't know any spells.
Your spell library was empty.

Dungeon Overview and Level Annotations

Branches:
Dungeon (3/15)

Altars:
Trog


Message History

You hit the gnoll.
The gnoll is heavily wounded.
The gnoll hits you with a +0 flail. The gnoll hits you but does no damage.
You slash the gnoll!
You kill the gnoll!
The gnoll hits you from afar with a +0 halberd.
A gnoll comes into view. It is wielding a +0 flail.
Things that are here:
a +0 flail; 12 gold pieces; a gnoll corpse You closely miss the gnoll.
The gnoll barely misses you.
You closely miss the gnoll. You hit the gnoll.
The gnoll hits you with a +0 flail. The gnoll barely misses you.
You barely miss the gnoll.
The gnoll is lightly wounded.
You hit the gnoll but do no damage. The gnoll hits you but does no damage.
The gnoll barely misses you.
You hit the gnoll but do no damage.
The gnoll is lightly wounded.
You hit the gnoll but do no damage. The gnoll hits you but does no damage.
The gnoll closely misses you.
You slash the gnoll!
The gnoll is severely wounded.
You hit the gnoll. The gnoll hits you with a +0 flail.
The gnoll hits you with a +0 halberd!
You are too injured to fight recklessly!
You are too injured to fight recklessly!
You hit the gnoll but do no damage.
The gnoll is moderately wounded.
You barely miss the gnoll. The gnoll hits you with a +0 flail.
The gnoll hits you with a +0 halberd.
* * * LOW HITPOINT WARNING * * *
The gnoll barely misses you.
You hit the gnoll.
The gnoll is heavily wounded.
You hit the gnoll. The gnoll hits you with a +0 halberd.
* * * LOW HITPOINT WARNING * * *
The gnoll hits you with a +0 flail.
* * * LOW HITPOINT WARNING * * *
The gnoll hits you from afar with a +0 halberd!
You die...

.###................###...#.##
.##.....<...#.#..........##.#
.##..######.#.##.##.#######.#
.##...).....#.##.#...######.####
.###.######.#.##...#......#....#
.# #.# ##.#.####...####.####.##
.# #.# ##....##gg........# #...
.# #.# ##.....##)##.####..# #.##
.###.###.......#@##.# #..####.##
....................# #.....)÷..
#.##...........#..### ##.####.##
#.##.#†##.....###.# #.# #.##
.....#.###...## #.# ##.####...
#.####.####.## #.# #.........
#...........# #.# #..####..#
.......###### #.# #.........
##.##### #.# #.####...#


You could see 2 gnolls.

Vanquished Creatures
  4 gnolls
  5 adders (D:2)
  A worm (D:2)
  An orc (D:3)
  4 bats
  9 giant cockroaches (D:2)
  3 goblins (D:2)
  2 hobgoblins (D:1)
  4 jackals (D:2)
  3 kobolds
  A quokka (D:2)
  2 ball pythons
  A frilled lizard (D:2)
40 creatures vanquished.

Notes
Turn   | Place    | Note
-------+----------+-------------------------------------------
     0 | D:1      | Defined the Hill Orc Monk began the quest for the Orb.
     0 | D:1      | Reached XP level 1. HP: 19/19 MP: 1/1
   754 | D:1      | Reached XP level 2. HP: 17/27 MP: 2/2
  1338 | D:2      | Reached XP level 3. HP: 28/33 MP: 3/3
  1706 | D:2      | Reached skill level 1 in Armour
  1739 | D:2      | Reached XP level 4. HP: 40/40 MP: 4/4
  1920 | D:2      | Reached skill level 5 in Axes
  2114 | D:2      | Found a bloodstained altar of Trog.
  2577 | D:3      | Reached XP level 5. HP: 32/47 MP: 5/5
  2863 | D:2      | Slain by a gnoll

Illustrated notes

Levels and vault maps discovered:
D:1:      grunt_arrival_crossed_arrows, layout_basic
D:2:      minmay_roachtagon, layout_loops_ring, basic_altar
D:3:      layout_basic, mainiacjoe_overflow_surrounded_room,
          grunt_decor_junction, minmay_misc_feat_four_crosses

Skill      XL: |  1  2  3  4 |
---------------+-------------+-----
Fighting       | 4 |  4.6
Armour         | 1 2 |  2.1
Axes           | 5 |  5.4
Throwing       | |  0.5
Dodging        | |  2.8
Stealth        | |  1.5

Action                   |  1- 3 |  4- 6 || total
-------------------------+-------+-------++-------
Melee: Hand axe          |   139 |    99 ||   238
Throw: Dart              |    11 |     5 ||    16
Armor: Chain mail        |    92 |    55 ||   147
       Robe              |     1 |       ||     1
Dodge: Dodged            |    66 |    37 ||   103

Table legend: (Time is in decaauts)
 A = Elapsed time spent in this place.
 B = Non-inter-level travel time spent in this place.
 C = Inter-level travel time spent in this place.
 D = Time resting spent in this place.
 E = Time spent auto-exploring this place.
 F = Levels seen in this place.
 G = Mean time per level.
                   A        B        C        D        E       F      G
               +--------+--------+--------+--------+--------+-----+--------+
         Total |   2880 |   2848 |     32 |    903 |   1419 |   3 |  960.0 |
       Dungeon |   2880 |   2848 |     32 |    903 |   1419 |   3 |  960.0 |
               +--------+--------+--------+--------+--------+-----+--------+

Top non-repeatable levels by time:
     D:2: 1491 daAuts
     D:1: 1039 daAuts
     D:3: 350 daAuts
